 Dungeon Crawl Stone Soup version 0.26.1-2-gb8aa6d0cf2 (webtiles) character file.

Game seed: 15419730920841340291

11 Drom the Magician (level 2, -1/19 HPs)
             Began as a Mummy Venom Mage on Mar 8, 2021.
             Hit by a stone thrown by a gnoll (4 damage)
             ... on level 1 of the Dungeon.
             The game lasted 00:03:56 (311 turns).

Drom the Magician (Mummy Venom Mage)                 Turns: 311, Time: 00:03:58

Health: -1/19      AC:  2    Str: 11    XL:     2   Next: 13%
Magic:  0/5        EV: 12    Int: 14    God:
Gold:   0          SH:  0    Dex: 12    Spells: 5/6 levels left

rFire    x . .     SeeInvis .   (no weapon)
rCold    + . .     Faith    .   (no shield)
rNeg     + + +     Spirit   .   a - +0 robe
rPois    ∞         Reflect  .   (no helmet)
rElec    .         Harm     .   (no cloak)
rCorr    .         Rampage  .   (no gloves)
Will     .....                  (no boots)
Stlth    ++........             (no amulet)
HPRegen  0.06/turn              (no ring)
MPRegen  0.09/turn              (no ring)

@: no status effects
A: no potions, fire vulnerability, cold resistance 1, negative energy resistance
3, torment resistance, unbreathing
a: no special abilities


You were on level 1 of the Dungeon.
You visited 1 branch of the dungeon, and saw 1 of its levels.

Inventory:

Armour
 a - a +0 robe (worn)
Scrolls
 b - a scroll of fog {unknown}
 c - a scroll of identify {unknown}


   Skills:
 - Level 1.5 Dodging
 * Level 2.0 Stealth
 + Level 2.9 Spellcasting
 - Level 1.0 Transmutations
 + Level 2.5 Poison Magic


You had 5 spell levels left.
You knew the following spells:

 Your Spells              Type           Power        Failure   Level
a - Sting                 Tmut/Pois      28%          11%         1

Your spell library contained the following spells:

 Spells                   Type           Power        Failure   Level
 Poisonous Vapours        Pois/Air       10%          19%         2
 Ignite Poison            Fire/Tmut/Pois 5%           36%         3
 Mephitic Cloud           Conj/Pois/Air  4%           41%         3
 Olgreb's Toxic Radiance  Pois           9%           58%         4


Dungeon Overview and Level Annotations

Branches:
Dungeon (1/15)

Altars:


Innate Abilities, Weirdness & Mutations

You do not drink.
Your flesh is vulnerable to fire.
You are immune to poison.
Your flesh is cold resistant. (rC+)
You are immune to negative energy. (rN+++)
You are immune to unholy pain and torment.
You can survive without breathing.


Message History

The sting misses the gnoll.
The gnoll throws a stone.
The stone hits you.
* * * LOW HITPOINT WARNING * * *
You see here 2 stones.
The gnoll throws a stone.
The stone hits you.
* * * LOW HITPOINT WARNING * * *
You see here a stone.
Aiming: Sting (safe; 11% risk of failure)
Press: ? - help, Q - select action Shift-Dir - straight line, f/p - gnoll
Aim: a gnoll, wearing a +0 ring mail and quivering 10 stones (severely wounded, poisoned, 23% to evade)
The sting hits the gnoll but does no damage.
The gnoll looks even sicker.
The gnoll is severely wounded.
The gnoll throws a stone.
The stone barely misses you.
Aiming: Sting (safe; 11% risk of failure)
Press: ? - help, Q - select action Shift-Dir - straight line, f/p - gnoll
Aim: a gnoll, wearing a +0 ring mail and quivering 9 stones (severely wounded, very poisoned, 23% to evade)
The sting misses the gnoll.
The gnoll throws a stone.
The stone hits you.
You die...

#.....#†### #.......
#.........# #.......
#..).#+##.####### #.......
##'##....†....#...###.....
##>..(........'...'.#....)
#.............#...#.#....#
#.................#..###.#
#..........>......##.# #.#
#........@........##.# #.#
#.........(.......##.###)#
##########.(......##..##.#
#..g.....###.##.#
#.....######..#.#
#.....##.(.......
#$....##.........
#.....##.........
......##........≈


You could see a gnoll (very poisoned).

Vanquished Creatures
  A dart slug (D:1)
  3 hobgoblins (D:1)
  2 bats (D:1)
  A kobold (D:1)
  3 rats (D:1)
10 creatures vanquished.

Notes
Turn   | Place    | Note
-------+----------+-------------------------------------------
     0 | D:1      | Drom the Mummy Venom Mage began the quest for the Orb.
     0 | D:1      | Reached XP level 1. HP: 13/13 MP: 4/4
   202 | D:1      | Reached skill level 1 in Transmutations
   207 | D:1      | Reached XP level 2. HP: 18/19 MP: 0/5
   311 | D:1      | Hit by a stone thrown by a gnoll

Illustrated notes

Levels and vault maps discovered:
D:1:      nicolae_arrival_memento_mori, layout_basic,
          chequers_serial_rivers_room_a, chequers_serial_rivers_large_a,
          st_stairs_11, patterned_corridor

Skill      XL: |  1 |
---------------+----+-----
Transmutations | 1 |  1.0
Stealth        | 2 |  2.0
Dodging        | |  1.5
Spellcasting   | |  2.9
Poison Magic   | |  2.5

Action                   || total
-------------------------++-------
Melee: Unarmed           ||     8
 Cast: Sting             ||    18
Armor: Robe              ||     3
Dodge: Dodged            ||    11
